 Dungeon Crawl Stone Soup version 0.27.0-1-g7a08968 (webtiles) character file.

Game seed: 2515419123081403505

53 Screwby the Ducker (level 4, -5/51 HPs)
             Began as a Djinni Gladiator on Aug 3, 2021.
             Slain by Sigmund (6 damage)
             ... on level 2 of the Dungeon.
             The game lasted 00:03:35 (1324 turns).

Screwby the Ducker (Djinni Gladiator)               Turns: 1324, Time: 00:03:35

Health: -5/51      AC: 22    Str: 14    XL:     4   Next: 11%
Gold:   7          EV:  2    Int:  9    God:
                   SH:  0    Dex: 15

rFire    . . .     SeeInvis .   a - +0 rapier
rCold    . . .     Faith    .   (no shield)
rNeg     + + +     Spirit   .   (armour currently unavailable)
rPois    ∞         Reflect  .   (helmet currently unavailable)
rElec    .         Harm     .   (cloak currently unavailable)
rCorr    .         Rampage  .   (gloves currently unavailable)
Will     .....     NoTele   +   (boots unavailable)
Stlth    +.........             (no amulet)
HPRegen  0.17/turn              (no ring)
MPRegen  0.00/turn              (no ring)

@: tree-form
A: stationary, stasis, torment immunity, boosted hp, sickness immunity, (fire
resistance 2), (cold vulnerability 1), float, innate caster, hp casting, extra
vitality 1
a: no special abilities


You were on level 2 of the Dungeon.
You were a tree.
You visited 1 branch of the dungeon, and saw 2 of its levels.

You collected 7 gold pieces.

Inventory:

Hand Weapons
 a - a +0 rapier (weapon)
Missiles
 d - 3 throwing nets (quivered) {=f}
Armour
 b - a +0 leather armour
 c - a +0 helmet (melded)
 f - a +0 chain mail (melded)
Potions
 g - a potion of invisibility {unknown}


   Skills:
 + Level 2.6 Fighting
 + Level 3.1 Short Blades
 - Level 1.5 Throwing
 + Level 1.4 Armour
 - Level 3.2 Dodging
 + Level 1.0 Spellcasting


You had 4 spell levels left.
You knew the following spells:

 Your Spells              Type           Power      Damage    Failure   Level
A - Animate Skeleton      Necr           4%         N/A       24%         1
Your spell library was empty.

Dungeon Overview and Level Annotations

Branches:
Dungeon (2/15)

Altars:

Annotations:
D:2 Sigmund


Innate Abilities, Weirdness & Mutations

You are a tree.
Your roots penetrate the ground, keeping you stationary.
You cannot be teleported.
You are immune to unholy pain and torment.
Your maximum health is greatly increased.
Your equipment is partially melded.
You are immune to sickness and miasma.
You are immune to poison.
((Your flesh is very heat resistant. (rF++)))
((You are vulnerable to cold. (rC-)))
You float through the air rather than walking.
You learn spells naturally, not from books.
Your magical power is your life essence.
You have superior vitality. (+4 HP)


Message History

As you read the scroll labelled ZUNALO GUPP, it crumbles to dust.
It is a scroll of identify.
e - a potion of lignification Sigmund hits you but does no damage.
There is an open door here.
Sigmund casts a spell at you. The puff of flame hits you. You resist.
You take 1 damage, and have 27/34 hp.
Sigmund gestures at you while chanting. The magic dart hits you!
You take 8 damage, and have 19/34 hp.
MASSIVE DAMAGE!!
Sigmund casts a spell at you. The puff of flame misses you.
Sigmund hits you with a +0 scythe.
You take 2 damage, and have 18/34 hp.
You hit Sigmund but do no damage. Sigmund hits you with a +0 scythe.
* * * LOW HITPOINT WARNING * * *
You take 6 damage, and have 12/34 hp.
You hit Sigmund. Sigmund barely misses you.
You hit Sigmund. Sigmund barely misses you.
You hit Sigmund but do no damage. Sigmund hits you with a +0 scythe.
* * * LOW HITPOINT WARNING * * *
You take 4 damage, and have 8/34 hp.
Unknown command.
Really quaff
e - a potion of lignification {!q}?
Really quaff the potion of lignification?
You turn into a tree.
Your +0 helmet melds into your body.
Your +0 chain mail melds into your body.
Your roots penetrate the ground.
Sigmund hits you with a +0 scythe.
* * * LOW HITPOINT WARNING * * *
You now have 9/51 hp.
You hit Sigmund. Sigmund hits you but does no damage.
You barely miss Sigmund. Sigmund hits you but does no damage.
You closely miss Sigmund. Sigmund hits you but does no damage.
You hit Sigmund but do no damage. Sigmund hits you with a +0 scythe!
* * * LOW HITPOINT WARNING * * *
You take 9 damage, and have 1/51 hp.
You hit Sigmund. Sigmund hits you with a +0 scythe.
You die...

##.#.#.......###. ######
#..#.#........... .#####.(..#
#.#....######..## .....@?...#
#.#.......†...... ######....#
#†#.##...#####.## ##'###
#.#.####.####.... ####.####
#.#.##....†......
#.......######.#.##########<..
#...........@♣.#.# #..)
#.......########.# #...
######### ..# .... ### ##.. ..
##


You could see Sigmund.

Levels and vault maps discovered:
D:1:      tarquinn_simple_flora_water_f, layout_loops_ring,
          hellmonk_ecumenical_altar_zigzags, serial_forest,
          infiniplex_forest_end_double, infiniplex_forest_lined_2,
          infiniplex_forest_lined_2, infiniplex_forest_lined_corner,
          infiniplex_forest_straight_4
D:2:      layout_basic, serial_shops, nicolae_shop_waterfront, uniq_sigmund,
          uniq_natasha

Notes
Turn   | Place    | Note
-------+----------+-------------------------------------------
     0 | D:1      | Screwby the Djinni Gladiator began the quest for the Orb.
     0 | D:1      | Reached XP level 1. HP: 18/18 MP: 0/0
    83 | D:1      | Identified a +0 dagger
   126 | D:1      | Identified a +0 short sword
   374 | D:1      | Reached XP level 2. HP: 22/23 MP: 0/0
   429 | D:1      | Identified a +0 dagger
   500 | D:1      | Identified a +0 chain mail
   534 | D:1      | Identified a +0 dagger
   603 | D:1      | Identified a +0 club
   747 | D:1      | Found a faded altar of an unknown god.
   749 | D:1      | Identified a +0 short sword
   862 | D:1      | Reached skill level 1 in Armour
   889 | D:1      | Identified a +0 short sword
   894 | D:1      | Reached skill level 3 in Short Blades
   894 | D:1      | Reached XP level 3. HP: 29/29 MP: 0/0
   894 | D:1      | Learned a level 1 spell: Animate Skeleton
   895 | D:1      | Identified a +0 robe
  1195 | D:2      | Noticed Natasha
  1204 | D:1      | Killed Natasha
  1205 | D:1      | Reached skill level 1 in Spellcasting
  1205 | D:1      | Reached XP level 4. HP: 31/34 MP: 0/0
  1291 | D:2      | Identified a +0 scythe
  1291 | D:2      | Identified a +0 robe
  1291 | D:2      | Noticed Sigmund
  1297 | D:2      | Identified a scroll of identify
  1297 | D:2      | Identified a potion of lignification
  1318 | D:2      | HP: 8/34 [Sigmund (4)]
  1323 | D:2      | HP: 1/51 [Sigmund (9)]
  1324 | D:2      | Slain by Sigmund

Table legend: (Time is in decaauts)
 A = Elapsed time spent in this place.
 B = Non-inter-level travel time spent in this place.
 C = Inter-level travel time spent in this place.
 D = Time resting spent in this place.
 E = Time spent auto-exploring this place.
 F = Levels seen in this place.
 G = Mean time per level.
                   A        B        C        D        E       F      G
               +--------+--------+--------+--------+--------+-----+--------+
         Total |   1329 |   1243 |     86 |      0 |    961 |   2 |  664.5 |
       Dungeon |   1329 |   1243 |     86 |      0 |    961 |   2 |  664.5 |
               +--------+--------+--------+--------+--------+-----+--------+

Top non-repeatable levels by time:
     D:1: 1203 daAuts
     D:2: 125 daAuts

Table legend:
 A = Kills in this place as a percentage of kills in entire the game.
 B = Kills by you in this place as a percentage of kills by you in the entire game.
 C = Kills by friends in this place as a percentage of kills by friends in the entire game.
 D = Other kills in this place as a percentage of other kills in the entire game.
 E = Experience gained in this place as a percentage of experience gained in the entire game.
 F = Experience gained in this place divided by the number of levels of this place that you have seen.
                   A       B       C       D       E      F
               +-------+-------+-------+-------+-------+----------------------
         Total | 100.0 | 100.0 |   N/A |   N/A | 100.0 |  38.5
       Dungeon | 100.0 | 100.0 |   N/A |   N/A | 100.0 |  38.5
               +-------+-------+-------+-------+-------+----------------------

Skill      XL: |  1  2  3 |
---------------+----------+-----
Armour         | 1 |  1.4
Short Blades   | 3 |  3.1
Spellcasting   | 1 |  1.0
Fighting       | |  2.6
Throwing       | |  1.5
Dodging        | |  3.2

Action                   |  1- 3 |  4- 6 || total
-------------------------+-------+-------++-------
Melee: Rapier            |    63 |    29 ||    92
  Use: Scroll            |       |     1 ||     1
       Potion            |       |     1 ||     1
 Stab: Sleeping          |     1 |       ||     1
Armor: Leather armour    |     7 |       ||     7
       Chain mail        |    18 |    11 ||    29
       Skin              |       |     3 ||     3
Dodge: Dodged            |    19 |    13 ||    32

Vanquished Creatures
  Natasha (D:1)
  2 dart slugs
  A giant cockroach (D:2)
  3 goblins (D:1)
  3 hobgoblins
  2 jackals (D:2)
  2 quokkas (D:1)
  3 ball pythons (D:1)
  2 bats (D:1)
  4 kobolds (D:1)
23 creatures vanquished.
